Map: Proxima Station LE

Players

Carney

  • Race: Protoss Protoss
  • League: Silver
  • Spawn Location: 1:00

BsB - Winner!

  • Race: Terran Terran
  • Spawn Location: 7:00

VOD

Have the link to the VOD?

Description

Time

  • Played on: May 14, 2017, 5:13 p.m.
  • Length: 13:33
Show
View Real Time Build Order
Export as new Build Order

Carney Protoss 

Build Orders:  

Get SALT Encoding   

  12  0:02  Probe (Chrono Boost)  
  13  0:12  Probe (Chrono Boost)  
  14  0:21  Pylon  
  14  0:23  Probe (Chrono Boost)  
  15  0:35  Assimilator  
  15  0:39  Probe (Chrono Boost)  
  16  0:46  Gateway  
  16  0:49  Probe (Chrono Boost)  
  17  0:57  Assimilator  
  17  1:01  Probe (Chrono Boost)  
  18  1:11  Probe (Chrono Boost)  
  19  1:22  Probe (Chrono Boost)  
  21  1:33  Probe (Chrono Boost)  
  21  1:37  Cybernetics Core  
  21  1:43  Probe (Chrono Boost)  
  22  1:48  Pylon  
  22  1:54  Probe (Chrono Boost)  
  23  1:56  Forge  
  23  2:06  Probe (Chrono Boost)  
  24  2:15  Stargate  
  24  2:33  Pylon  
  24  2:46  Nexus  
  24  2:58  Void Ray  
  28  3:13  Stargate  
  28  3:38  Void Ray  
  28  3:39  Assimilator  
  32  3:42  Assimilator  
  32  3:48  Pylon  
  32  4:00  Probe (Chrono Boost)  
  33  4:10  Probe (Chrono Boost)  
  33  4:12  Void Ray  
  38  4:21  Probe (Chrono Boost)  
  40  4:31  Probe (Chrono Boost)  
  40  4:35  Void Ray  
  44  4:42  Probe (Chrono Boost)  
  45  4:46  Protoss Shields Level 1  
  45  4:52  Probe (Chrono Boost)  
  46  5:03  Probe (Chrono Boost)  
  47  5:13  Void Ray, Probe (Chrono Boost)  
  48  5:15  Void Ray  
  52  5:24  Probe (Chrono Boost)  
  57  5:33  Protoss Air Weapons Level 1  
  57  5:34  Probe (Chrono Boost)  
  58  5:45  Twilight Council, Probe (Chrono Boost)  
  59  5:55  Probe (Chrono Boost)  
  60  6:06  Probe (Chrono Boost)  
  60  6:10  Pylon  
  61  6:13  Pylon  
  61  6:17  Probe (Chrono Boost)  
  62  6:27  Void Ray  
  62  6:28  Fleet Beacon  
  62  6:29  Probe (Chrono Boost)  
  67  6:35  Stargate  
  67  6:41  Probe (Chrono Boost), Stargate  
  68  6:52  Void Ray  
  48  7:13  Probe (Chrono Boost)  
  49  7:22  Void Ray  
  49  7:23  Void Ray  
  49  7:25  Probe (Chrono Boost)  
  58  7:59  Void Ray x2  
  66  8:15  Void Ray x2  
  74  8:20  Nexus  
  74  8:49  Graviton Catapult  
  74  8:51  Protoss Shields Level 2  
  74  9:39  Pylon  
  74  9:41  Carrier  
  74  9:42  Carrier  
  74  9:43  Pylon  
  74  9:45  Pylon  
  74  9:48  Carrier  
  92  10:14  Assimilator  
  92  10:17  Assimilator  
  92  10:18  Probe (Chrono Boost)  
  94  10:30  Probe (Chrono Boost)  
  94  10:42  Probe (Chrono Boost)  
  95  10:54  Probe (Chrono Boost)  
  96  10:58  Stargate  
  96  11:06  Probe (Chrono Boost)  
  98  11:18  Probe (Chrono Boost)  
  98  11:51  Carrier  
  98  11:52  Carrier  
  98  11:53  Carrier  
  98  11:57  Stargate  
  116  12:34  Pylon  
  116  12:35  Pylon  
  116  12:37  Pylon x2  
  115  12:38  Pylon  
  115  12:40  Pylon  
Show
View Real Time Build Order
Export as new Build Order

BsB Terran - Winner!

Build Orders: MMM Bio 

Get SALT Encoding   

  12  0:01  SCV  
  13  0:13  SCV  
  14  0:18  Supply Depot  
  14  0:25  SCV  
  15  0:40  SCV  
  16  0:44  Barracks  
  16  0:47  Refinery  
  16  0:52  SCV  
  17  1:04  SCV  
  19  1:32  Orbital Command  
  18  1:39  Barracks Reactor  
  18  1:45  Command Center  
  18  1:58  SCV  
  19  2:02  Barracks  
  19  2:10  SCV  
  20  2:17  Marine x2  
  20  2:22  SCV  
  23  2:28  Supply Depot  
  23  2:31  Supply Depot  
  23  2:41  Barracks  
  23  2:50  SCV  
  24  2:51  Marine x2  
  26  3:02  SCV, Orbital Command  
  27  3:09  Marine x2  
  29  3:14  SCV  
  30  3:21  Factory  
  30  3:26  SCV  
  31  3:34  Barracks Tech Lab  
  31  3:35  Barracks Reactor  
  31  3:37  Marine x2  
  31  3:38  SCV  
  34  3:42  SCV  
  35  3:50  SCV  
  35  3:54  Marine, SCV  
  35  3:55  Marine  
  39  3:58  Marine, Stimpack  
  39  4:02  SCV  
  41  4:06  Starport  
  41  4:15  Factory Reactor  
  41  4:16  Marine  
  42  4:18  Refinery  
  42  4:22  SCV  
  42  4:23  Marine  
  42  4:24  Marine  
  45  4:25  Marine  
  45  4:26  Marine  
  45  4:28  SCV  
  48  4:35  Marauder, Supply Depot  
  50  4:39  SCV  
  50  4:40  SCV  
  50  4:41  Marine x2  
  54  4:56  Starport Tech Lab  
  54  4:57  Marine x2, SCV x2, Marauder  
  54  4:59  Marine  
  61  5:09  SCV  
  62  5:14  Barracks  
  62  5:18  Supply Depot  
  62  5:25  Supply Depot  
  62  5:29  Engineering Bay  
  62  5:32  Engineering Bay  
  62  5:35  Armory  
  62  5:39  Marine x4, SCV x2  
  62  5:41  Supply Depot  
  68  5:43  Marine  
  68  5:48  Supply Depot  
  68  5:49  Supply Depot  
  69  5:52  SCV x2  
  71  5:57  Marine  
  71  6:03  Supply Depot  
  72  6:05  Marine x2  
  72  6:11  Missile Turret  
  74  6:12  Supply Depot  
  74  6:15  SCV, Missile Turret  
  74  6:17  SCV  
  76  6:25  Marine  
  76  6:26  Marine x3  
  76  6:27  SCV, Marauder  
  76  6:30  SCV  
  76  6:31  Combat Shields  
  84  6:39  Barracks Tech Lab  
  84  6:43  Barracks  
  82  6:49  Marauder, Terran Infantry Weapons Level 1  
  82  6:50  Terran Infantry Armor Level 1  
  82  6:51  Marine x4  
  71  7:21  Missile Turret  
  71  7:24  Command Center  
  71  7:31  Barracks  
  71  7:35  Marine x3  
  71  7:36  Marine x3  
  77  7:40  Medivac x2  
  81  7:49  Refinery  
  81  7:51  Refinery  
  81  7:53  Marine  
  81  7:54  Marauder x2  
  81  7:55  Supply Depot  
  86  8:08  Marine x2  
  86  8:09  Marine  
  86  8:10  Medivac x2  
  93  8:15  Marauder x2  
  93  8:19  Supply Depot, Barracks  
  97  8:32  SCV  
  98  8:37  Marauder  
  98  8:39  SCV  
  98  8:40  Medivac x2  
  105  8:44  SCV  
  106  8:50  Supply Depot  
  106  8:51  Marine x4, SCV  
  106  8:52  Marauder  
  106  8:54  Barracks Reactor  
  113  8:56  SCV  
  113  8:58  Marauder  
  116  9:03  SCV  
  78  9:10  Medivac x2  
  117  9:12  Barracks Reactor  
  117  9:14  Supply Depot  
  117  9:15  SCV  
  122  9:18  Marine x3  
  122  9:19  Marine, Marauder  
  122  9:20  Marauder  
  122  9:23  Terran Infantry Weapons Level 2  
  130  9:28  SCV  
  130  9:29  Orbital Command  
  131  9:36  Marine x2  
  131  9:37  Supply Depot  
  133  9:39  Medivac  
  133  9:40  Marine, Medivac  
  133  9:41  Marine x4  
  143  9:45  SCV x2  
  144  9:56  Marine  
  144  9:57  Marine x3, SCV  
  144  9:58  Marine, Marauder  
  144  9:59  Marauder  
  154  10:15  SCV, Missile Turret  
  154  10:16  SCV x2  
  154  10:17  Marine x7  
  154  10:18  Marine  
  165  10:27  SCV  
  165  10:28  SCV  
  167  10:30  Marine x2  
  167  10:34  Marine  
  167  10:35  Marine x3, Supply Depot  
  173  10:36  Missile Turret  
  173  10:51  Supply Depot  
  173  10:56  Marine x3  
  181  10:57  SCV x3, Marauder  
  181  11:00  Supply Depot  
  181  11:12  Marine x3, SCV, Medivac x2  
  181  11:14  Supply Depot  
  189  11:22  Marine x2  
  189  11:25  Supply Depot  
  191  11:40  Supply Depot  
  191  11:44  Marine  
  191  11:45  Marine x7  
  191  11:46  Marine  
  200  12:04  Supply Depot  
  180  12:54  Marine  
  180  12:55  Marine x9  
  186  13:12  Marine x3  
  190  13:13  Marine x7  
Tags
 
Composition
MMM Bio
League
Silver
Matchup
PvT
Spawn Locations
Cross Positions
Add a new tag
Caveats
  • Supply blocks, unpowered buildings, or Contaminate may cause inaccurate times.
  • Supply counts are checked every 10 seconds.